MLB
PITTSBURGH PIRATES @ ST. LOUIS CARDINALS
09/21/2044
 
TOP OF THE 1ST
Pittsburgh Pirates batting - Pitching for St. Louis Cardinals : RHP Luis Herrera
Pitching: RHP Luis Herrera
Batting: RHB Andrew Robinson 0-0: Ball
1-0: Ball
2-0: Called Strike
2-1: Ball
3-1: Base on Balls
Batting: RHB Eisse Bravenboer 0-0: Swinging Strike
0-1: Foul Ball, location: 2F
0-2: Ball
1-2: Foul Ball, location: 2F
1-2: Strikes out swinging
Batting: SHB Marvin McAleer 0-0: Ball
Andrew Robinson is caught stealing 2nd base 2-6
1-0: Ball
2-0: Called Strike
2-1: Foul Ball, location: 2F
2-2: Strikes out looking
Top of the 1st over - 0 runs, 0 hits, 0 errors, 0 left on base; Pittsburgh 0 - St. Louis 0
BOTTOM OF THE 1ST
St. Louis Cardinals batting - Pitching for Pittsburgh Pirates : RHP Isaburo Ishihara
Pitching: RHP Isaburo Ishihara
Batting: RHB Nick Gentzel 0-0: Foul Ball, location: 2F
0-1: Foul Ball, location: 2F
0-2: SINGLE (Line Drive, 78S, EV 91.3 MPH)
Batting: LHB Zack Berney 0-0: Called Strike
0-1: Sac Bunt to 15 - play at first, batter OUT! 1-3
Nick Gentzel to second
Batting: SHB Antoine Roux 0-0: Called Strike
0-1: Ball
1-1: Swinging Strike
1-2: Foul Ball, location: 2F
1-2: Strikes out looking
Batting: RHB Eric Chotkowski 0-0: Ball
1-0: Ball
2-0: Ball
3-0: SINGLE (Groundball, 34D, EV 95.6 MPH)
Nick Gentzel to third
Runner from 3rd tries for Home, throw by RF and OUT! 9-2
Bottom of the 1st over - 0 runs, 2 hits, 0 errors, 1 left on base; Pittsburgh 0 - St. Louis 0
TOP OF THE 2ND
Pittsburgh Pirates batting - Pitching for St. Louis Cardinals : RHP Luis Herrera
Batting: RHB Vincent Poopwell 0-0: Foul Ball, location: 2F
0-1: Foul Ball, location: 2F
0-2: Foul Ball, location: 2F
0-2: SOLO HOME RUN (Flyball, 7D, EV 98.1 MPH), Distance : 379 ft
Batting: RHB Steve Jordan 0-0: Foul Ball, location: 2F
0-1: Called Strike
0-2: Ground out 1-3 (Groundball, 15S, EV 66.3 MPH)
Batting: RHB Tommie Eaton 0-0: Called Strike
0-1: Fly out, F8 (Flyball, 8LS, EV 81.9 MPH)
Batting: RHB Mike Bates 0-0: Called Strike
0-1: Ball
1-1: Foul Ball, location: 2F
1-2: Strikes out looking
Top of the 2nd over - 1 run, 1 hit, 0 errors, 0 left on base; Pittsburgh 1 - St. Louis 0
BOTTOM OF THE 2ND
St. Louis Cardinals batting - Pitching for Pittsburgh Pirates : RHP Isaburo Ishihara
Batting: LHB Ben Rubenacker 0-0: Ground out 6-3 (Groundball, 6, EV 92.5 MPH)
Batting: RHB Cole Bittner 0-0: Foul Ball, location: 2F
0-1: Ball
1-1: Swinging Strike
1-2: Foul Ball, location: 2F
1-2: Foul Ball, location: 2F
1-2: DOUBLE (Groundball, 5L, EV 105.0 MPH)
Batting: RHB Pavpv Ivanushkin 0-0: Ball
1-0: Ball
2-0: Ball
3-0: Called Strike
3-1: Base on Balls
Batting: RHB Rick O'Reilly 0-0: Ball
1-0: Called Strike
1-1: Ball
2-1: Fielders Choice at 2nd, 3-6 (Groundball, 23, EV 95.0 MPH)
Cole Bittner to third
Batting: RHB Jason Gress 0-0: Swinging Strike
0-1: Ball
1-1: Ball
Rick O'Reilly steals 2nd base
2-1: Ground out U3 (Groundball, 34, EV 84.4 MPH)
Bottom of the 2nd over - 0 runs, 1 hit, 0 errors, 2 left on base; Pittsburgh 1 - St. Louis 0
TOP OF THE 3RD
Pittsburgh Pirates batting - Pitching for St. Louis Cardinals : RHP Luis Herrera
Batting: RHB Raul Mendoza 0-0: Fly out, F9 (Flyball, 9LM, EV 101.9 MPH)
Batting: RHB Mike Thornton 0-0: Swinging Strike
0-1: Ball
1-1: Ball
2-1: Foul Ball, location: 2F
2-2: Strikes out swinging
Batting: RHB Andrew Robinson 0-0: Ball
1-0: Fly out, F9 (Flyball, 89S, EV 90.6 MPH)
Top of the 3rd over - 0 runs, 0 hits, 0 errors, 0 left on base; Pittsburgh 1 - St. Louis 0
BOTTOM OF THE 3RD
St. Louis Cardinals batting - Pitching for Pittsburgh Pirates : RHP Isaburo Ishihara
Batting: RHB Nick Gentzel 0-0: Ball
1-0: Ground out 6-3 (Groundball, P, EV 88.8 MPH)
Batting: LHB Zack Berney 0-0: Called Strike
0-1: Ball
1-1: Foul Ball, location: 2F
1-2: Ball
2-2: Strikes out swinging
Batting: SHB Antoine Roux 0-0: Swinging Strike
0-1: Called Strike
0-2: Ball
1-2: Ball
2-2: Strikes out swinging
Bottom of the 3rd over - 0 runs, 0 hits, 0 errors, 0 left on base; Pittsburgh 1 - St. Louis 0
TOP OF THE 4TH
Pittsburgh Pirates batting - Pitching for St. Louis Cardinals : RHP Luis Herrera
Batting: RHB Eisse Bravenboer 0-0: Ground out 5-3 (Groundball, 56S, EV 85.6 MPH)
Batting: SHB Marvin McAleer 0-0: Ball
1-0: Swinging Strike
1-1: Ground out 4-3 (Groundball, 34D, EV 103.8 MPH)
Batting: RHB Vincent Poopwell 0-0: Ground out 4-3 (Groundball, 34, EV 86.3 MPH)
Top of the 4th over - 0 runs, 0 hits, 0 errors, 0 left on base; Pittsburgh 1 - St. Louis 0
BOTTOM OF THE 4TH
St. Louis Cardinals batting - Pitching for Pittsburgh Pirates : RHP Isaburo Ishihara
Batting: RHB Eric Chotkowski 0-0: Ball
1-0: Ball
2-0: Ball
3-0: Base on Balls
Batting: LHB Ben Rubenacker 0-0: Ball
1-0: Fly out, F8 (Flyball, 8RS, EV 75.6 MPH)
Batting: RHB Cole Bittner 0-0: Called Strike
0-1: Ball
1-1: SINGLE (Line Drive, 6MD, EV 99.4 MPH)
Eric Chotkowski to second
Batting: RHB Pavpv Ivanushkin 0-0: Ball
1-0: Ball
2-0: DOUBLE (Flyball, 8LXD, EV 109.4 MPH)
Eric Chotkowski scores
Cole Bittner to third
Runner from 3rd tries for Home, SAFE, throw by CF to home
Batting: RHB Rick O'Reilly 0-0: Ball
1-0: Ball
2-0: Ball
3-0: Foul Ball, location: 2F
3-1: Ground out 6-3 (Groundball, 6, EV 86.3 MPH)
Pavpv Ivanushkin to third
Batting: RHB Jason Gress 0-0: Ball
1-0: SINGLE (Groundball, 4MD, EV 103.1 MPH)
Pavpv Ivanushkin scores
Batting: RHB Nick Gentzel 0-0: Called Strike
0-1: Foul Ball, location: 2F
0-2: Strikes out swinging
Bottom of the 4th over - 3 runs, 3 hits, 0 errors, 1 left on base; Pittsburgh 1 - St. Louis 3
TOP OF THE 5TH
Pittsburgh Pirates batting - Pitching for St. Louis Cardinals : RHP Luis Herrera
Batting: RHB Steve Jordan 0-0: Called Strike
0-1: Swinging Strike
0-2: Strikes out swinging
Batting: RHB Tommie Eaton 0-0: Ball
1-0: Ball
2-0: Ball
3-0: Base on Balls
Batting: RHB Mike Bates 0-0: Fly out, F8 (Flyball, 8LM, EV 86.9 MPH)
Batting: RHB Raul Mendoza 0-0: Ball
1-0: Ground out 2-3 (Groundball, 2L, EV 66.3 MPH)
Top of the 5th over - 0 runs, 0 hits, 0 errors, 1 left on base; Pittsburgh 1 - St. Louis 3
BOTTOM OF THE 5TH
St. Louis Cardinals batting - Pitching for Pittsburgh Pirates : RHP Isaburo Ishihara
Batting: LHB Zack Berney 0-0: Ball
1-0: Ball
2-0: Ball
3-0: Called Strike
3-1: Foul Ball, location: 2F
3-2: Base on Balls
Batting: SHB Antoine Roux 0-0: Called Strike
0-1: Ball
1-1: Ball
2-1: Swinging Strike
2-2: Ball
3-2: Fly out, F8 (Flyball, 78M, EV 84.4 MPH)
Batting: RHB Eric Chotkowski 0-0: Swinging Strike
0-1: Swinging Strike
0-2: Foul Ball, location: 2F
0-2: Ball
1-2: DOUBLE (Groundball, 5L, EV 105.6 MPH)
Zack Berney to third
Batting: LHB Ben Rubenacker 0-0: Ball
1-0: Foul Ball, location: 2F
1-1: Ball
2-1: Fly out, F9 (Flyball, 9D, EV 108.1 MPH)
Runner from 3rd tags up, SCORES, no throw by RF
Eric Chotkowski to third
Batting: RHB Cole Bittner 0-0: Called Strike
0-1: Ball
1-1: Foul Ball, location: 2F
1-2: Ball
2-2: Strikes out swinging
Bottom of the 5th over - 1 run, 1 hit, 0 errors, 1 left on base; Pittsburgh 1 - St. Louis 4
TOP OF THE 6TH
Pittsburgh Pirates batting - Pitching for St. Louis Cardinals : RHP Luis Herrera
Batting: RHB Mike Thornton 0-0: Called Strike
0-1: Ball
1-1: Fly out, F7 (Flyball, 7, EV 91.9 MPH)
Batting: RHB Andrew Robinson 0-0: Foul Ball, location: 2F
0-1: Foul Ball, location: 2F
0-2: Ball
1-2: Foul Ball, location: 2F
1-2: Strikes out looking
Batting: RHB Eisse Bravenboer 0-0: Called Strike
0-1: Ball
1-1: Swinging Strike
1-2: Ball
2-2: Strikes out swinging
Top of the 6th over - 0 runs, 0 hits, 0 errors, 0 left on base; Pittsburgh 1 - St. Louis 4
BOTTOM OF THE 6TH
St. Louis Cardinals batting - Pitching for Pittsburgh Pirates : RHP Isaburo Ishihara
Batting: RHB Pavpv Ivanushkin 0-0: Foul Ball, location: 2F
0-1: Ball
1-1: Foul Ball, location: 2F
1-2: Strikes out swinging
Batting: RHB Rick O'Reilly 0-0: Ground out 5-3 (Groundball, 56, EV 82.5 MPH)
Batting: RHB Jason Gress 0-0: Called Strike
0-1: Ball
1-1: Fly out, F8 (Flyball, 8LM, EV 97.5 MPH)
Bottom of the 6th over - 0 runs, 0 hits, 0 errors, 0 left on base; Pittsburgh 1 - St. Louis 4
TOP OF THE 7TH
Pittsburgh Pirates batting - Pitching for St. Louis Cardinals : RHP Luis Herrera
Batting: SHB Marvin McAleer 0-0: Ball
1-0: Ball
2-0: Foul Ball, location: 2F
2-1: Ball
3-1: Base on Balls
Batting: RHB Vincent Poopwell 0-0: Ball
1-0: Swinging Strike
1-1: Foul Ball, location: 2F
1-2: Ball
2-2: Strikes out swinging
Marvin McAleer steals 2nd base (no throw)
Batter strikes out.
Batting: RHB Steve Jordan 0-0: Ball
1-0: Fly out, F8 (Flyball, 89D, EV 92.5 MPH)
Runner from 2nd tags up, SAFE at 3rd, no throw by CF
Batting: RHB Tommie Eaton 0-0: Called Strike
0-1: Ball
1-1: Called Strike
1-2: Ball
2-2: Strikes out looking
Top of the 7th over - 0 runs, 0 hits, 0 errors, 1 left on base; Pittsburgh 1 - St. Louis 4
BOTTOM OF THE 7TH
St. Louis Cardinals batting - Pitching for Pittsburgh Pirates : RHP Isaburo Ishihara
Batting: RHB Nick Gentzel 0-0: Ball
1-0: Ball
2-0: Ball
3-0: Foul Ball, location: 2F
3-1: Called Strike
3-2: Foul Ball, location: 2F
3-2: Foul Ball, location: 2F
3-2: Base on Balls
Pitching: LHP Jason Salzer
Batting: LHB Zack Berney 0-0: Called Strike
0-1: Ball
1-1: Bunted foul
1-2: Reaches on Catchers interference
Nick Gentzel to second
Batting: SHB Antoine Roux 0-0: Ball
1-0: Called Strike
1-1: Ball
2-1: Foul Ball, location: 2F
2-2: Fly out, F4 (Popup, 4, EV 60.6 MPH)
Batting: RHB Eric Chotkowski 0-0: Called Strike
0-1: Swinging Strike
0-2: Ball
1-2: Ball
2-2: Ball
3-2: Base on Balls
Nick Gentzel to third
Zack Berney to second
Batting: LHB Ben Rubenacker 0-0: Swinging Strike
0-1: Foul Ball, location: 2F
0-2: Ball
1-2: SINGLE (Groundball, 34D, EV 96.3 MPH)
Nick Gentzel scores
Zack Berney to third
Eric Chotkowski to second
Runner from 3rd tries for Home, SAFE, throw by RF to home
Batting: RHB Cole Bittner 0-0: Ball
1-0: Ball
2-0: Ball
3-0: Foul Ball, location: 2F
3-1: Base on Balls
Eric Chotkowski to third
Ben Rubenacker to second
Batting: RHB Pavpv Ivanushkin 0-0: Ball
1-0: Foul Ball, location: 2F
1-1: Swinging Strike
1-2: Ball
2-2: Ball
3-2: Base on Balls
Eric Chotkowski scores
Ben Rubenacker to third
Cole Bittner to second
Batting: RHB Rick O'Reilly 0-0: Called Strike
0-1: Ball
1-1: Ball
2-1: Foul Ball, location: 2F
2-2: Strikes out looking
Batting: RHB Jason Gress 0-0: Called Strike
0-1: Ball
1-1: Fielders Choice at 2nd, 6-4 (Groundball, 6, EV 88.1 MPH)
Bottom of the 7th over - 3 runs, 1 hit, 1 error, 3 left on base; Pittsburgh 1 - St. Louis 7
TOP OF THE 8TH
Pittsburgh Pirates batting - Pitching for St. Louis Cardinals : RHP Luis Herrera
Batting: RHB Mike Bates 0-0: Foul Ball, location: 2F
0-1: Foul Ball, location: 2F
0-2: Ball
1-2: Ball
2-2: Ball
3-2: Strikes out swinging
Pitching: RHP Andy Montelongo
Batting: RHB Raul Mendoza 0-0: Ball
1-0: SOLO HOME RUN (Flyball, 7D, EV 98.1 MPH), Distance : 369 ft
Batting: RHB Mike Thornton 0-0: Fly out, F8 (Flyball, 8LM, EV 90.0 MPH)
Batting: RHB Andrew Robinson 0-0: Ball
1-0: Swinging Strike
1-1: Fly out, F9 (Line Drive, 9D, EV 91.3 MPH)
Top of the 8th over - 1 run, 1 hit, 0 errors, 0 left on base; Pittsburgh 2 - St. Louis 7
BOTTOM OF THE 8TH
St. Louis Cardinals batting - Pitching for Pittsburgh Pirates : LHP Jason Salzer
Batting: RHB Nick Gentzel 0-0: Ball
1-0: Foul Ball, location: 2F
1-1: Called Strike
1-2: Ball
2-2: Foul Ball, location: 2F
2-2: Strikes out swinging
Batting: LHB Zack Berney 0-0: Called Strike
0-1: Swinging Strike
0-2: Strikes out swinging
Batting: SHB Antoine Roux 0-0: Ball
1-0: Ball
2-0: Swinging Strike
2-1: Swinging Strike
2-2: Foul Ball, location: 2F
2-2: Foul Ball, location: 2F
2-2: Ball
3-2: Strikes out swinging
Bottom of the 8th over - 0 runs, 0 hits, 0 errors, 0 left on base; Pittsburgh 2 - St. Louis 7
TOP OF THE 9TH
Pittsburgh Pirates batting - Pitching for St. Louis Cardinals : RHP Andy Montelongo
Batting: RHB Eisse Bravenboer 0-0: Called Strike
0-1: Swinging Strike
0-2: Strikes out swinging
Batting: SHB Marvin McAleer 0-0: Ball
1-0: Ball
2-0: Called Strike
2-1: Ball
3-1: Ground out 4-3 (Groundball, 4, EV 90.6 MPH)
Batting: RHB Vincent Poopwell 0-0: Called Strike
0-1: Ball
1-1: Ball
2-1: Ball
3-1: Foul Ball, location: 2F
3-2: Foul Ball, location: 2F
3-2: Base on Balls
Batting: RHB Steve Jordan 0-0: Ball
1-0: Ball
2-0: Foul Ball, location: 2F
2-1: Ground out 1-3 (Groundball, P, EV 69.4 MPH)
Top of the 9th over - 0 runs, 0 hits, 0 errors, 1 left on base; Pittsburgh 2 - St. Louis 7
Thursday, March 31st , 2022 - OOTP Baseball 22.12 Build 89